 Dungeon Crawl Stone Soup version 0.22.1-1-ga44c0e56f4 (webtiles) character file.

204599 Jerry the Unseen (level 18, -3/95 HPs)
             Began as a Vine Stalker Gladiator on Oct 19, 2018.
             Was an Initiate of Gozag.
             Slain by a stone giant (13 damage)
             ... on level 1 of the Depths.
             The game lasted 02:57:08 (32346 turns).

Jerry the Unseen (Vine Stalker Gladiator)          Turns: 32346, Time: 02:57:09

Health: -3/95      AC: 21    Str: 22    XL:     18   Next: 65%
Magic:  0/19       EV: 23    Int: 10    God:    Gozag
Gold:   1181       SH:  4    Dex: 19    Spells: 17/17 levels left

rFire    + . .     SeeInvis +   L - +5 triple sword (holy)
rCold    . . .     Gourm    .   (shield currently unavailable)
rNeg     . . .     Faith    .   u - +7 ring mail of Loss {Str+2 SInv Stlth+}
rPois    +         Spirit   +   b - +2 hat {MR+}
rElec    .         Reflect  .   r - scarf {repulsion}
rCorr    .         Harm     .   c - +0 pair of gloves
MR       +++..                  D - +2 pair of boots
Stlth    +++++++...             U - amulet of magic regeneration
HPRegen  1.05/turn              W - ring of Tase {rPois EV+5}
MPRegen  0.41/turn              J - +4 ring of slaying

@: about to teleport, studying Armour, heavily drained, invisible, repel
missiles
A: fangs 3, large bone plates 1, fire resistance 1, regeneration 2, magic
shield, antimagic bite, no potion heal 3, rot immunity, subdued magic 1
}: 1/15 runes: gossamer
a: Potion Petition, Call Merchant, Bribe Branch, Renounce Religion


You were on level 1 of the Depths.
You worshipped Gozag.
Gozag was most pleased with you.
You were not hungry.

You visited 8 branches of the dungeon, and saw 31 of its levels.
You visited 1 bazaar.
You also visited: Labyrinth, Ossuary and Bailey.

You collected 13458 gold pieces.
You spent 5858 gold pieces at shops.
You paid 6419 gold pieces to Gozag.

Inventory:

Hand Weapons
 t - a +4 rapier of venom
 F - a +4 scimitar of flaming
 L - a +5 triple sword of holy wrath (weapon)
Missiles
 d - 20 throwing nets (quivered)
Armour
 b - a +2 hat of magic resistance (worn)
 c - a +0 pair of gloves (worn)
 r - a scarf of repulsion (worn)
 u - the +7 ring mail of Loss (worn) {Str+2 SInv Stlth+}
   (You bought it in a shop on level 1 of the Lair of Beasts)

   It affects your strength (+2).
   It lets you see invisible.
   It makes you more stealthy.
 x - a +2 buckler
 D - a +2 pair of boots (worn)
Jewellery
 E - an uncursed ring of resist corrosion
 J - a +4 ring of slaying (right hand)
 P - the cursed ring "Syobb" {+Blink MR+ AC-2}
   (You found it on level 1 of the Swamp)

   [ring of protection]

   It affects your AC (-2).
   It affects your resistance to hostile enchantments.
   It lets you blink.
   It has a curse placed upon it.
 U - an amulet of magic regeneration (around neck)
 W - the ring of Tase (left hand) {rPois EV+5}
   (You bought it in a shop on level 10 of the Dungeon)

   [ring of evasion]

   It affects your evasion (+5).
   It protects you from poison.
 Z - an uncursed ring of flight
Wands
 g - a wand of paralysis (39)
 j - a wand of clouds (13)
 n - a wand of disintegration (15)
 p - a wand of digging (10)
 I - a wand of acid (38)
 M - a wand of flame (51)
 R - a wand of iceblast (41)
Scrolls
 h - 15 scrolls of identify
 k - 7 scrolls of amnesia
 o - 14 scrolls of remove curse
 v - 2 scrolls of blinking
 y - 17 scrolls of teleportation
 B - a scroll of silence
 C - 2 scrolls of magic mapping
 H - 2 scrolls of holy word
 K - a scroll of immolation
 N - 9 scrolls of enchant armour
 O - 3 scrolls of fear
 T - 5 scrolls of fog
Potions
 a - 5 potions of flight
 i - 3 potions of magic
 l - a potion of agility
 m - 8 potions of curing
 q - 5 potions of resistance
 s - a potion of might
 w - 3 potions of cancellation
 z - 4 potions of ambrosia
 A - a potion of invisibility
 Q - a potion of brilliance
 V - 2 potions of berserk rage
 Y - a potion of mutation
Books
 G - a manual of Armour
Miscellaneous
 X - a lamp of fire
Comestibles
 f - 23 rations


   Skills:
 + Level 10.4(8.4) Fighting
 - Level 10.2(11.5) Short Blades
 * Level 14.7(13.5) Long Blades
 - Level 1.7(0.2) Throwing
 + Level 13.9(11.8) Armour
 - Level 11.1(9.0) Dodging
 - Level 20.4(17.9) Stealth
 - Level 4.0(2.3) Shields


You had 17 spell levels left.
You didn't know any spells.
Your spell library contained the following spells:

 Spells                   Type           Power        Failure   Level  Hunger
 Beastly Appendage        Tmut           #.....       43%         1    ##.....
 Corona                   Hex            #......      43%         1    ##.....
 Flame Tongue             Conj/Fire      #....        43%         1    ##.....
 Freeze                   Ice            #...         43%         1    ##.....
 Summon Small Mammal      Summ           #...         43%         1    ##.....
 Blink                    Tloc           N/A          58%         2    ###....
 Call Imp                 Summ           #.......     58%         2    ###....
 Ensorcelled Hibernation  Hex/Ice        #.....       58%         2    ###....
 Sticks to Snakes         Tmut           #.......     58%         2    ###....
 Throw Flame              Conj/Fire      #.....       58%         2    ###....
 Throw Frost              Conj/Ice       #.....       58%         2    ###....
 Call Canine Familiar     Summ           #.......     82%         3    ####...
 Confuse                  Hex            #.......     82%         3    ####...
 Conjure Flame            Conj/Fire      #.......     82%         3    ####...
 Dazzling Spray           Conj/Hex       #.....       82%         3    ####...
 Inner Flame              Hex/Fire       #.......     82%         3    ####...
 Ozocubu's Armour         Chrm/Ice       #.......     82%         3    ####...
 Spider Form              Tmut/Pois      #.........   82%         3    ####...
 Summon Guardian Golem    Hex/Summ       #.......     82%         3    ####...
 Tukima's Dance           Hex            #.......     82%         3    ####...
 Vampiric Draining        Necr           #.........   82%         3    ####...
 Animate Dead             Necr           N/A          99%         4    #####..
 Ice Form                 Ice/Tmut       #.......     99%         4    #####..
 Sticky Flame             Conj/Fire      #.......     99%         4    #####..
 Summon Ice Beast         Ice/Summ       #.......     99%         4    #####..
 Summon Lightning Spire   Summ/Air       #.......     99%         4    #####..
 Throw Icicle             Conj/Ice       #.......     99%         4    #####..
 Agony                    Necr           #.......     100%        5    ######.
 Blade Hands              Tmut           #.........   100%        5    ######.
 Fireball                 Conj/Fire      #.........   100%        5    ######.
 Summon Forest            Summ/Tloc      #.........   100%        5    ######.


Dungeon Overview and Level Annotations

Branches:
Dungeon (15/15)            Temple (1/1) D:5            Lair (6/6) D:10
  Swamp (1/4) Lair:3       Spider (4/4) Lair:2        Slime (0/5) Lair:6
    Orc (2/2) D:12            Elf (1/3) Orc:2        Vaults (0/5) D:13
 Depths (1/5) D:15

Altars:
Ashenzari
Cheibriados
Dithmenos
Elyvilon
Fedhas
Gozag
Hepliaklqana
Kikubaaqudgha
Makhleb
Nemelex Xobeh
Okawaru
Ru
Sif Muna
Trog
Uskayaw
Vehumet
Wu Jian
Xom
Yredelemnul
Zin
The Shining One
Jiyva

Shops:
D:6 ?   D:10 =   D:13 %[   D:14 *   D:15 %   Orc:2 ::*[?*[   Lair:1 *
Lair:6 *   Swamp:1 ?

Portals:
Pandemonium: Orc:2

Annotations:
Lair:6 1 runed door


Innate Abilities, Weirdness & Mutations

You have razor-sharp teeth.
You heal very quickly.
When hurt, damage is shared between your health and your magic reserves.
Your bite disrupts and absorbs the magic of your enemies.
Potions cannot restore your health.
You are immune to rotting.
You are partially covered in large bone plates. (SH +4)
Your flesh is heat resistant. (rF+)
Your spells are a little easier to cast, but a little less powerful.


Message History

You bite the stone giant, but do no damage.
The stone giant is heavily wounded.
The stone giant hits you!!
The shock serpent shoots out a bolt of lightning at you!
The bolt of electricity hits you!
As you read the scroll of teleportation, it crumbles to dust.
You feel strangely unstable.
The tengu conjurer points at you and mumbles some strange words.
The bolt of lightning misses you.
The shock serpent shoots out a bolt of lightning at you!
The bolt of electricity hits you!
* * * LOW HITPOINT WARNING * * *
The stone giant hits you!
* * * LOW HITPOINT WARNING * * *
You have no ailments to cure.
You fade into invisibility!
The shock serpent changes into a floating eye!
The stone giant hits you!
You die...
Your body crumbles into a pile of gold.

............##
#.......#..... #
#......# ....## #.
#.....# ....## #.
#....# ....## #..
#...# ....#
#..######..######....
#..Q.(((.$$.)........
#..C@..#.[?.......#..
#...Q..##..#......##.
#......###.##.....###
#....G$....###.......
#..#.(?....# ##......
#..##......# ##.....
#.. ##.....# ##....
#.. ..$.... ........
........


You could see a stone giant, 2 tengu conjurers and a floating eye shaped
shifter.

Vanquished Creatures
  Saint Roka (Depths:1)
  Rupert (D:13)
  A tentacled monstrosity (Depths:1)
  Frances (D:12)
  A shadow dragon (Depths:1)
  Kirke (Lair:3)
  Gastronok (Lair:1)
  Agnes (Spider:2)
  5 ghost moths
  A deep elf sorcerer (Elf:1)
  2 emperor scorpions (Spider:4)
  3 stone giants
  A deep elf elementalist (Elf:1)
  2 entropy weavers
  A minotaur (Lab)
  3 spark wasps
  A fire dragon (Depths:1)
  Josephine (Lair:5)
  Harold (D:8)
  An ice dragon (Lair:6)
  6 hydras
  4 vault guards (D:13)
  The ghost of xpt754 the Covert, a journeyman DsCK of Xom (Orc:2)
  Erica (D:8)
  A catoblepas (Lair:6)
  3 centaur warriors
  2 alligators
  7 death scarabs (Spider:4)
  10 two-headed ogres
  2 ogre magi (D:15)
  8 orc high priests
  Urug (D:13)
  A deep elf knight (Elf:1)
  Sonja (D:13)
  3 skeletal warriors (D:15)
  A sixfirhy (Orc:2)
  2 unseen horrors
  2 infernal demonspawn (Orc:2)
  2 lindwurms (Lair:6)
  4 wizards
  6 orb spiders
  4 wolf spider zombies (Spider:4)
  6 orc knights
  10 deep elf magi
  3 oklob plants
  31 wolf spiders
  7 orc sorcerers
  A salamander (D:15)
  23 ugly things
  3 cyclopes
  3 moths of wrath (Spider:4)
  2 black mambas
  16 elephants
  6 spiny frogs
  A guardian serpent (D:14)
  A rust devil (Orc:2)
  2 gargoyles
  A smoke demon (Orc:2)
  7 torpor snails
  2 kobold demonologists
  5 komodo dragons
  2 rime drakes
  A redback zombie (Spider:4)
  A spectral redback (Spider:4)
  12 demonic crawlers
  An efreet (D:15)
  A red devil (Orc:2)
  7 trolls
  A hellwing (Orc:2)
  9 polar bears (Lair:6)
  4 tyrant leeches
  30 jumping spiders
  3 spectral jumping spiders (Spider:4)
  5 spectral tarantellas (Spider:4)
  16 hornets
  4 raiju (Lair:6)
  6 blink frogs
  A harpy skeleton (D:15)
  A jumping spider zombie (Spider:4)
  4 tarantella zombies (Spider:4)
  5 slime creatures
  10 hippogriffs
  An air elemental (Elf:1)
  A shadow (D:14)
  31 yaks
  A spriggan (D:7)
  65 redbacks
  26 tarantellas
  A vampire (D:15)
  A hog (Lair:3)
  A yak (shapeshifter) (Depths:1)
  8 wraiths
  Eustachio (D:5)
  2 water elementals (Depths:1)
  A tarantella (shapeshifter) (D:15)
  Grum (D:9)
  4 basilisks (Lair:6)
  4 wyverns
  A hungry ghost (D:12)
  3 vampire mosquitoes (D:12)
  11 swamp worms
  9 wargs
  An acid dragon (D:14)
  10 water moccasins
  2 spectral hornets (Spider:4)
  6 porcupines
  13 hell hounds (Lair:6)
  39 orc warriors
  12 black bears
  4 ice beasts
  3 swamp drakes (Swamp:1)
  5 sky beasts
  2 necrophages
  6 phantoms
  A hornet zombie (Spider:4)
  21 ogres
  A boggart (Elf:1)
  23 wolves
  22 centaurs
  18 crocodiles
  A big kobold (D:7)
  21 bullfrogs
  9 gnoll sergeants
  A wyvern skeleton (D:13)
  6 scorpions
  8 killer bees
  5 wights (D:11)
  A spriggan skeleton (Lab)
  A troll skeleton (Lab)
  5 howler monkeys
  4 electric eels
  8 crimson imps
  6 centaur zombies
  2 quasits
  2 bullfrog zombies
  7 centaur skeletons
  6 gnoll shamans (Bailey)
  29 orc priests
  13 hounds
  4 jellies
  3 iguanas
  19 orc wizards
  8 worker ants
  A statue (D:8)
  4 big kobold zombies (Ossuary)
  A hound skeleton (D:8)
  4 mummies (Ossuary)
  A worker ant zombie (D:9)
  A howler monkey zombie (D:5)
  21 gnolls
  12 adders
  8 shadow imps
  9 oozes (D:3)
  An adder skeleton (D:4)
  An adder zombie (D:5)
  6 worms
  3 dart slugs
  5 leopard geckos
  120 orcs
  A ball python (D:2)
  9 giant cockroaches
  5 goblins
  12 hobgoblins
  12 jackals
  6 quokkas
  9 bats
  3 frilled lizards
  3 hobgoblin zombies (Ossuary)
  20 kobolds
  A leopard gecko skeleton (D:5)
  A quokka skeleton (D:4)
  6 rats
  3 plants
1176 creatures vanquished.

Vanquished Creatures (others)
  2 dancing weapons (Elf:1)
  2 humans (Lair:4)
  4 fungi
  23 plants
  9 toadstools (D:3)
40 creatures vanquished.

Grand Total: 1216 creatures vanquished

Notes
Turn   | Place    | Note
-------+----------+-------------------------------------------
     0 | D:1      | Jerry the Vine Stalker Gladiator began the quest for the
                  | Orb.
     0 | D:1      | Reached XP level 1. HP: 11/11 MP: 2/2
    78 | D:1      | Reached XP level 2. HP: 7/15 MP: 1/3
   489 | D:1      | Reached skill level 1 in Stealth
   625 | D:1      | Reached XP level 3. HP: 14/18 MP: 4/4
  1307 | D:2      | Reached skill level 1 in Armour
  1465 | D:2      | Found a shadowy altar of Dithmenos.
  1466 | D:2      | Found a burning altar of Makhleb.
  1467 | D:2      | Found a sparkling altar of Nemelex Xobeh.
  1469 | D:2      | Gained mutation: Your natural rate of healing is unusually
                  | fast. [Vine Stalker growth]
  1469 | D:2      | Reached XP level 4. HP: 23/23 MP: 5/5
  1506 | D:2      | Found an opulent altar of Gozag.
  1543 | D:2      | Reached skill level 2 in Stealth
  1546 | D:2      | Found a deep blue altar of Sif Muna.
  1883 | D:3      | Reached XP level 5. HP: 22/27 MP: 6/6
  2315 | D:3      | Reached skill level 3 in Stealth
  2365 | D:3      | Reached XP level 6. HP: 32/32 MP: 5/7
  3025 | D:4      | Noticed a phantom
  3070 | D:4      | Reached XP level 7. HP: 23/36 MP: 4/8
  3136 | D:4      | Reached skill level 4 in Stealth
  3877 | D:4      | Gained mutation: You have razor-sharp teeth. [Vine Stalker
                  | growth]
  3877 | D:4      | Reached XP level 8. HP: 40/42 MP: 9/9
  3894 | D:4      | Reached skill level 5 in Stealth
  3995 | D:5      | Entered Level 5 of the Dungeon
  4085 | D:5      | Noticed Eustachio
  4099 | D:5      | Killed Eustachio
  4144 | D:5      | Reached skill level 5 in Short Blades
  4253 | D:5      | Found a staircase to the Ecumenical Temple.
  4262 | Temple   | Entered the Ecumenical Temple
  4457 | D:5      | Reached skill level 6 in Stealth
  4481 | D:5      | Reached XP level 9. HP: 35/46 MP: 8/10
  4597 | D:2      | Became a worshipper of Gozag Ym Sagoz the Greedy
  4741 | D:6      | Found a sand-covered staircase.
  4755 | D:6      | Reached skill level 5 in Fighting
  4783 | Ossuary  | Entered an ossuary
  4869 | Ossuary  | Reached skill level 5 in Dodging
  5001 | D:6      | Gained mutation: You are partially covered in large bone
                  | plates. (SH +4) [potion of mutation]
  5001 | D:6      | Gained mutation: Your spells are a little easier to cast,
                  | but a little less powerful. [potion of mutation]
  5001 | D:6      | Gained mutation: Your flesh is heat resistant. (rF+)
                  | [potion of mutation]
  5092 | D:6      | Found Soc Nor's Magic Scroll Emporium.
  5101 | D:6      | Bought a scroll of teleportation for 42 gold pieces
  5372 | D:6      | Reached skill level 7 in Stealth
  6024 | D:7      | Found a white marble altar of Elyvilon.
  6267 | D:7      | Reached skill level 5 in Armour
  6267 | D:7      | Reached XP level 10. HP: 53/53 MP: 11/11
  6277 | D:7      | Found a sacrificial altar of Ru.
  6366 | D:7      | Found a glowing golden altar of the Shining One.
  6367 | D:7      | Found a hide-covered altar of Uskayaw.
  6467 | D:8      | Noticed Harold
  6478 | D:8      | Killed Harold
  6478 | D:8      | Reached skill level 8 in Stealth
  6813 | D:8      | Found an ancient bone altar of Kikubaaqudgha.
  6863 | D:8      | Noticed Erica
  6886 | D:8      | Killed Erica
  6997 | D:8      | Found a radiant altar of Vehumet.
  7194 | D:9      | Reached skill level 9 in Stealth
  7274 | D:9      | Found a glowing silver altar of Zin.
  7437 | D:9      | Got a steaming plate armour
  7438 | D:9      | Identified the +3 plate armour of Yredelemnul's Fury {-Cast
                  | +Fly rPois Int+3} (You found it on level 9 of the Dungeon)
  7486 | D:9      | Noticed Grum
  7502 | D:9      | Killed Grum
  7519 | D:9      | Noticed a two-headed ogre
  7537 | D:9      | Killed a two-headed ogre
  7537 | D:9      | Reached XP level 11. HP: 23/58 MP: 6/12
  8033 | D:10     | Entered Level 10 of the Dungeon
  8406 | D:10     | Reached skill level 10 in Stealth
  8616 | D:10     | Found a staircase to the Lair.
  8889 | Lair:1   | Entered Level 1 of the Lair of Beasts
  8926 | Lair:1   | Noticed an eight-headed hydra
  8940 | Lair:1   | Killed an eight-headed hydra
  9166 | Lair:1   | Noticed Gastronok
  9182 | Lair:1   | Killed Gastronok
  9249 | Lair:1   | Gained mutation: You heal very quickly. [Vine Stalker
                  | growth]
  9249 | Lair:1   | Reached XP level 12. HP: 55/64 MP: 10/13
  9480 | Lair:1   | Reached skill level 11 in Stealth
  9767 | Lair:1   | Bought a shimmering ring mail for 315 gold pieces
  9770 | Lair:1   | Identified the +7 ring mail of Loss {Str+2 SInv Stlth+}
                  | (You bought it in a shop on level 1 of the Lair of Beasts)
  9988 | Lair:2   | Found a hole to the Spider Nest.
 10645 | Lair:2   | You fall through a shaft!
 10857 | Lair:3   | Noticed a five-headed hydra
 10871 | Lair:3   | Killed a five-headed hydra
 11190 | Lair:3   | Noticed a seven-headed hydra
 11197 | Lair:3   | Killed a seven-headed hydra
 11727 | Lair:3   | Found a staircase to the Swamp.
 11859 | Lair:4   | Reached skill level 12 in Stealth
 11864 | Lair:4   | Noticed Kirke
 11903 | Lair:3   | Killed Kirke
 11903 | Lair:3   | Reached XP level 13. HP: 70/70 MP: 14/14
 12247 | Lair:4   | Found a blossoming altar of Fedhas.
 13372 | D:10     | Bought the ring of Tase {rPois EV+5} for 1125 gold pieces
 13613 | Lair:5   | Noticed Josephine
 13633 | Lair:5   | Killed Josephine
 13657 | Lair:5   | Reached skill level 1 in Long Blades
 13875 | Lair:5   | Reached skill level 10 in Short Blades
 13875 | Lair:5   | Reached skill level 13 in Stealth
 14347 | Lair:6   | Entered Level 6 of the Lair of Beasts
 14347 | Lair:6   | Found a runed door.
 14347 | Lair:6   | Found a viscous altar of Jiyva.
 14347 | Lair:6   | Noticed an acid blob
 14348 | Lair:6   | Found a staircase to the Slime Pits.
 14349 | Lair:6   | Noticed an acid blob
 14700 | Lair:6   | Reached skill level 10 in Fighting
 14786 | Lair:5   | Reached XP level 14. HP: 40/77 MP: 7/15
 15043 | Lair:6   | Found a runed door.
 15603 | Lair:6   | Reached skill level 5 in Long Blades
 15763 | Lair:6   | Paralysed by a hornet for 3 turns
 15893 | Lair:6   | Reached skill level 10 in Dodging
 16297 | Lair:6   | Bought a runed falchion for 174 gold pieces
 16298 | Lair:6   | Bought a pink potion for 26 gold pieces
 16566 | D:11     | Found a flagged portal.
 16623 | Bailey   | Entered a bailey
 17306 | D:11     | Found a blossoming altar of Fedhas.
 17340 | D:11     | Identified a scroll of acquirement
 17567 | D:12     | Found a labyrinth entrance.
 17582 | Lab      | Entered a labyrinth
 17816 | Lab      | Reached skill level 14 in Stealth
 17886 | D:12     | Found a staircase to the Orcish Mines.
 18030 | D:12     | Noticed Frances
 18051 | D:12     | Killed Frances
 18051 | D:12     | Reached skill level 10 in Armour
 18241 | D:12     | Reached XP level 15. HP: 73/80 MP: 13/16
 18546 | D:12     | Got a transparent leather armour
 18547 | D:12     | Identified the +0 leather armour of the Lost Path {Dex+4}
                  | (You found it on level 12 of the Dungeon)
 18719 | D:13     | Noticed Sonja
 18740 | D:13     | Killed Sonja
 18766 | D:13     | Found Tuygynto's Food Shoppe.
 18863 | D:13     | Found a gate to the Vaults.
 19055 | D:13     | Reached skill level 15 in Stealth
 19093 | D:13     | Identified Sif Muna's Compendium of Doomed Dislocation
 19107 | D:13     | Noticed Urug
 19119 | D:13     | Killed Urug
 19134 | D:13     | Noticed Rupert
 19161 | D:13     | Killed Rupert
 20165 | D:14     | Bought a scroll of teleportation for 87 gold pieces
 20165 | D:14     | Bought a scroll labeled ALEVIE MAENECSOLOT for 29 gold
                  | pieces
 20165 | D:14     | Bought a potion of haste for 290 gold pieces
 20165 | D:14     | Bought a coral ring for 145 gold pieces
 20195 | D:15     | Entered Level 15 of the Dungeon
 20338 | D:15     | Reached skill level 16 in Stealth
 20626 | D:15     | Found a staircase to the Depths.
 20710 | D:15     | Reached XP level 16. HP: 85/85 MP: 17/17
 20719 | D:15     | Reached skill level 10 in Long Blades
 20962 | D:15     | Found Izusoor's Food Boutique.
 21358 | Orc:1    | Entered Level 1 of the Orcish Mines
 21515 | Orc:1    | Reached skill level 17 in Stealth
 21738 | Orc:1    | Reached skill level 1 in Shields
 22269 | Orc:2    | Entered Level 2 of the Orcish Mines
 22295 | Orc:2    | Found a runed gate.
 22295 | Orc:2    | Found a runed gate.
 22295 | Orc:2    | Found a runed gate.
 22295 | Orc:2    | Found Cerif's Book Shop.
 22414 | Orc:2    | Found a staircase to the Elven Halls.
 22420 | Orc:2    | Found Onaefasi's Armour Boutique.
 22423 | Orc:2    | Found Roriarong's General Store.
 22432 | Orc:2    | Bought a potion of agility for 52 gold pieces
 22442 | Orc:2    | Found a flickering gateway to a bazaar.
 22502 | Bazaar   | Entered a bazaar
 22504 | Bazaar   | Found Pehogo's Magic Scroll Boutique.
 22508 | Bazaar   | Found Weomois's Jewellery Boutique.
 22508 | Bazaar   | Found Yleuzyc's Antique Weapon Boutique.
 22509 | Bazaar   | Found Sataz's Gadget Boutique.
 22524 | Bazaar   | Bought a glowing scimitar for 147 gold pieces
 22552 | Bazaar   | Bought a wand of digging (9) for 390 gold pieces
 22557 | Bazaar   | Bought a scroll of enchant armour for 90 gold pieces
 22557 | Bazaar   | Bought a scroll of enchant armour for 90 gold pieces
 22557 | Bazaar   | Bought a scroll of acquirement for 624 gold pieces
 22752 | Orc:2    | Found Xuugg's Magic Scroll Shoppe.
 22753 | Orc:2    | Found Judomp's General Store.
 23150 | Orc:2    | Found Kuown's Antique Armour Shop.
 23150 | Orc:2    | Found Nuopuidd's Book Boutique.
 23150 | Orc:2    | Found a one-way gate leading to the halls of Pandemonium.
 23261 | Orc:2    | Bought a scroll of teleportation for 48 gold pieces
 23261 | Orc:2    | Bought a scroll of teleportation for 48 gold pieces
 23379 | Orc:2    | Noticed xpt754's ghost (journeyman DsCK)
 23829 | Orc:2    | Killed xpt754's ghost
 24131 | Orc:2    | Bought a +2 buckler for 181 gold pieces
 24141 | Elf:1    | Entered Level 1 of the Elven Halls
 24156 | Elf:1    | Reached skill level 18 in Stealth
 24712 | Spider:1 | Entered Level 1 of the Spider Nest
 24951 | Spider:1 | Reached XP level 17. HP: 89/89 MP: 18/18
 25958 | Spider:2 | Got a smelly ring mail
 25978 | Spider:2 | Identified the +1 ring mail "Jofe Fie" {+Fly Int+5 Stlth-}
                  | (You found it on level 2 of the Spider Nest)
 26264 | Spider:2 | Noticed Agnes
 26282 | Spider:2 | Killed Agnes
 26282 | Spider:2 | Reached skill level 19 in Stealth
 26426 | Spider:2 | Got a fine leather armour
 26427 | Spider:2 | Identified the cursed +1 leather armour of Spring Thaw
                  | {+Fly rN++ Str-3 Slay+2} (You found it on level 2 of the
                  | Spider Nest)
 26644 | Orc:2    | Bought a manual of Armour for 1766 gold pieces
 28271 | Spider:4 | Entered Level 4 of the Spider Nest
 29432 | Spider:4 | Reached skill level 20 in Stealth
 29698 | Spider:4 | Reached XP level 18. HP: 90/93 MP: 19/19
 30549 | Spider:4 | Got a gossamer rune of Zot
 30906 | Swamp:1  | Entered Level 1 of the Swamp
 31344 | Swamp:1  | Got a smoking amber ring
 31345 | Swamp:1  | Identified the cursed ring "Syobb" {+Blink MR+ AC-2} (You
                  | found it on level 1 of the Swamp)
 31725 | Swamp:1  | Bought a scroll of teleportation for 54 gold pieces
 31725 | Swamp:1  | Bought a scroll of enchant armour for 135 gold pieces
 31931 | Depths:1 | Entered Level 1 of the Depths
 32033 | Depths:1 | Noticed Saint Roka
 32085 | Depths:1 | Killed Saint Roka
 32209 | Depths:1 | Noticed a tentacled monstrosity
 32224 | Depths:1 | Killed a tentacled monstrosity
 32346 | Depths:1 | Slain by a stone giant

Skill      XL: |  1  2  3  4  5  6  7  8  9 10 11 12 13 14 15 16 17 18 |
---------------+-------------------------------------------------------+-----
Fighting       | 2 3 4 5 7 8 9 10 | 10.4
Stealth        | 1 2 3 4 6 7 9 10 12 13 14 16 18 20 | 20.4
Short Blades   | 3 4 5 6 7 8 9 10 | 10.2
Armour         | 1 2 3 5 6 7 8 9 10 11 12 13 | 13.9
Dodging        | 3 4 5 6 7 8 9 10 11 | 11.1
Long Blades    | 2 7 9 11 13 14 | 14.7
Shields        | 4 |  4.0
Throwing       | |  1.7

Action                   |  1- 3 |  4- 6 |  7- 9 | 10-12 | 13-15 | 16-18 || total
-------------------------+-------+-------+-------+-------+-------+-------++-------
Melee: Rapier            |    96 |   240 |   251 |   604 |   343 |       ||  1534
       Bite              |    32 |    86 |    97 |   220 |   644 |   659 ||  1738
       Falchion          |       |       |       |       |   487 |       ||   487
       Scimitar          |       |       |       |       |   472 |  1043 ||  1515
       Triple sword      |       |       |       |       |       |   227 ||   227
Throw: Throwing net      |       |       |       |       |       |     1 ||     1
Invok: Call Merchant     |       |       |       |     2 |     3 |     1 ||     6
 Abil: Evoke Flight      |       |       |       |       |       |    10 ||    10
Evoke: Wand              |       |       |       |     2 |       |     7 ||     9
  Use: Scroll            |       |       |    17 |     9 |    21 |    13 ||    60
       Potion            |       |       |     1 |       |     3 |     5 ||     9
 Stab: Sleeping          |     2 |     7 |    13 |    17 |    44 |    40 ||   123
       Distracted        |       |       |     2 |     7 |    10 |    18 ||    37
       Held in net/web   |       |       |     1 |       |       |     1 ||     2
  Eat: Chunk             |     2 |     5 |     4 |       |       |       ||    11
       Ration            |       |       |     2 |     6 |     8 |    13 ||    29
Armor: Leather armour    |    35 |    43 |    42 |     8 |       |       ||   128
       Plate armour      |       |       |       |   196 |       |       ||   196
       Scale mail        |       |       |       |    10 |       |       ||    10
       Robe              |       |       |       |     1 |       |       ||     1
       Ring mail         |       |       |       |    43 |   373 |   286 ||   702
Dodge: Dodged            |    75 |   161 |   114 |   231 |  1199 |  1191 ||  2971
       Deflected         |       |       |       |       |       |     7 ||     7
Block: Other             |       |       |     4 |   102 |   225 |   115 ||   446
       Buckler           |       |       |       |       |       |   363 ||   363
       Rpst.: Scimitar   |       |       |       |       |   109 |   201 ||   310
       Falchion          |       |       |       |       |   109 |       ||   109
       Triple sword      |       |       |       |       |       |    44 ||    44
